 Dungeon Crawl Stone Soup version 0.26.0-10-g1f06aea511 (webtiles) character file.

Game seed: 4482910710429912843

16192 wakim the Severer (level 12, 0/108 HPs)
             Began as a Hill Orc Monk on Jan 16, 2021.
             Was an Elder of Beogh.
             Killed from afar by an electric eel (10 damage)
             ... with a bolt of electricity
             ... on level 3 of the Lair of Beasts.
             The game lasted 01:19:55 (19037 turns).

wakim the Severer (Hill Orc Monk)                  Turns: 19037, Time: 01:19:56

Health: 0/108      AC: 15    Str: 19    XL:     12   Next: 34%
Magic:  18/18      EV:  4    Int: 10    God:    Beogh [****..]
Gold:   737        SH: 17    Dex: 13    Spells: 11/11 levels left

rFire    + . .     SeeInvis .   a - +3 hand axe
rCold    . . .     Faith    .   m - +1 tower shield
rNeg     . . .     Spirit   .   U - +0 plate armour
rPois    .         Reflect  .   (no helmet)
rElec    .         Harm     .   (no cloak)
rCorr    .         Rampage  .   (no gloves)
Will     +....                  W - +0 pair of boots
Stlth    ..........             J - amulet "Reyniwk" {rF+ Regen+ Slay+2}
HPRegen  0.68/turn              R - ring of willpower
MPRegen  0.16/turn              i - +4 ring of slaying

@: no status effects
A: no striking features
a: Renounce Religion, Smiting, Recall Orcish Followers


You were on level 3 of the Lair of Beasts.
You worshipped Beogh.
Beogh was greatly pleased with you.
You visited 4 branches of the dungeon, and saw 19 of its levels.

You collected 737 gold pieces.

Inventory:

Hand Weapons
 a - a +3 hand axe (weapon)
 b - a +0 war axe
 f - the +8 whip of the Endless Expanse {vorpal, rPois rF+ rC+}
   (You found it on level 1 of the Lair of Beasts)

   It inflicts extra damage upon your enemies.
   It protects you from fire.
   It protects you from cold.
   It protects you from poison.
 A - a +0 halberd
 G - the +3 whip of the Manifold Wonders {vamp, rF+ MP+9 Dex+5}
   (You found it on level 9 of the Dungeon)

   It inflicts no extra harm, but heals its wielder when it wounds a living foe.
   It affects your dexterity (+5).
   It protects you from fire.
   It affects your magic capacity (+9).
 H - a cursed +2 great sword
 K - a cursed +5 falchion of freezing
 N - a +3 scimitar of flaming
Missiles
 p - 15 boomerangs
Armour
 l - a +0 chain mail of cold resistance
 m - a +1 tower shield (worn)
 x - a +1 hat
 I - a +0 pair of boots
 U - a +0 plate armour (worn)
 W - a +0 pair of boots (worn)
Jewellery
 g - an uncursed amulet of reflection
 i - a +4 ring of slaying (right hand)
 q - an uncursed amulet of faith
 u - an uncursed ring of fire
 E - an uncursed amulet of guardian spirit {unknown}
 J - the amulet "Reyniwk" (around neck) {rF+ Regen+ Slay+2}
   (You acquired it on level 1 of the Lair of Beasts)

   [amulet of regeneration]

   It affects your accuracy and damage with ranged weapons and melee attacks
   (+2).
   It protects you from fire.
   It increases your rate of regeneration.
 R - a ring of willpower (left hand)
Wands
 s - a wand of acid (25)
 M - a wand of flame (30)
 Q - a wand of iceblast (3)
Scrolls
 c - 10 scrolls of remove curse
 e - 7 scrolls of identify
 h - 6 scrolls of enchant armour
 k - a scroll of enchant weapon
 n - 4 scrolls of amnesia
 t - 2 scrolls of fog
 v - 2 scrolls of blinking
 w - 5 scrolls of teleportation
 y - 4 scrolls of magic mapping
 C - a scroll of holy word
 D - a scroll of fear
Potions
 d - 2 potions of heal wounds
 j - a potion of resistance
 o - 2 potions of brilliance
 r - 2 potions of haste
 z - a potion of flight
 B - 2 potions of might
 F - 3 potions of invisibility
 O - a potion of magic
 V - 3 potions of curing


   Skills:
 + Level 10.6 Fighting
 * Level 15.2 Axes
 + Level 9.1 Armour
 - Level 2.4 Dodging
 - Level 1.5 Stealth
 + Level 9.1 Shields
 + Level 8.6 Invocations


You had 11 spell levels left.
You didn't know any spells.
Your spell library contained the following spells:

 Spells                   Type           Power        Failure   Level
 Foxfire                  Conj/Fire      0%           100%        1
 Magic Dart               Conj           0%           100%        1
 Blink                    Tloc           N/A          100%        2
 Call Imp                 Summ           0%           100%        2
 Slow                     Hex            0%           100%        2
 Conjure Flame            Conj/Fire      0%           100%        3
 Inner Flame              Hex/Fire       0%           100%        3
 Mephitic Cloud           Conj/Pois/Air  0%           100%        3
 Sticky Flame             Conj/Fire      0%           100%        4
 Fireball                 Conj/Fire      0%           100%        5


Dungeon Overview and Level Annotations

Branches:
Dungeon (13/15)            Temple (1/1) D:7            Lair (3/6) D:10
  Swamp (0/4) Lair:3          Orc (2/2) D:10
  Snake: Lair:2-4    Spider: Lair:2-4       Elf: Orc:2       Vaults: D:13-14

Altars:
Ashenzari
Cheibriados
Dithmenos
Elyvilon
Fedhas
Gozag
Hepliaklqana
Kikubaaqudgha
Makhleb
Nemelex Xobeh
Okawaru
Qazlal
Ru
Sif Muna
Trog
Uskayaw
Vehumet
Wu Jian
Xom
Yredelemnul
Zin
The Shining One

Annotations:
D:9 5 runed translucent doors


Message History

* * * LOW HITPOINT WARNING * * *
The bolt of electricity hits your orc knight!
The electric eel shoots out a bolt of lightning at you!
The bolt of electricity hits the electric eel.
The electric eel completely resists.
The bolt of electricity hits you!
* * * LOW HITPOINT WARNING * * *
Your orc knight roars a battlecry!
Arbolt goes into a battle-frenzy!
Your orc no longer looks unusually strong.
The electric eel shoots out a bolt of lightning at you!
The bolt of electricity hits you!
* * * LOW HITPOINT WARNING * * *
The electric eel shoots out a bolt of lightning at you!
The bolt of electricity hits you!
* * * LOW HITPOINT WARNING * * *
Your orc priest hits the fungus with a +0 hand axe.
The electric eel shoots out a bolt of lightning at you!
The bolt of electricity hits the electric eel.
The electric eel completely resists.
The bolt of electricity hits you!
You die...

..§§§§...##.####..o#..(
..≈≈§§§§..#...###...#...
..≈§§;;=.. #........####
..≈§§§;..###........# ##
...§;;§o.P##oo†.##..# #o
...§..§..##Po..P#...# #o
.....§...4o.o..###..###o
#......4.ooo..###......
#...PP@o.#o...##..P..P.
#...##..#.#...###.##.#.
#P.. ..........##.......
##.............####.....
.$#...##.............
.......#.............
........##.........#..
.. .......#....###.##(.
###### ####..


You could see 5 electric eels, 2 friendly orc knights, the friendly Arbolt the
orc knight (strong), a friendly ice devil (summoned), a friendly rust devil
(summoned), a friendly orc sorcerer (strong), 2 friendly orc warriors, the
friendly Ortolf the orc warrior (strong), a friendly orc priest (strong) and 2
friendly orcs.

Vanquished Creatures
  A hydra (Lair:2)
  A cyclops (D:11)
  A rime drake (Lair:3)
  A hornet (D:8)
  A wraith (D:11)
  An ice beast (D:6)
  3 sky beasts
  2 phantoms (D:5)
  An ogre (D:4)
  3 centaurs
  A necrophage (D:6)
  2 bullfrogs
  2 scorpions
  2 killer bees (D:8)
  An electric eel (Lair:2)
  A wight (D:10)
  A bullfrog zombie (D:6)
  3 hounds
  7 orc wizards
  3 orc priests
  2 bullfrog skeletons
  Jessica (D:2)
  Terence (D:2)
  4 iguanas
  6 worker ants
  2 hound skeletons
  A mummy (D:5)
  2 gnolls
  10 adders
  A white imp (D:8)
  2 ufetubi
  An ooze (D:2)
  An adder zombie (D:6)
  An adder skeleton (D:4)
  A worm (D:2)
  2 dart slugs (D:1)
  A leopard gecko (D:5)
  15 orcs
  A ball python (D:1)
  3 giant cockroaches
  8 goblins
  6 hobgoblins
  11 jackals
  13 kobolds
  3 quokkas
  10 bats
  5 frilled lizards
  A jackal skeleton (D:5)
  A quokka zombie (D:6)
  7 rats
161 creatures vanquished.

Vanquished Creatures (collateral kills)
  Snorg (D:12)
  Josephine (D:11)
  3 hydras
  2 boulder beetles
  Erica (D:11)
  2 deep elf magi
  3 ugly things
  A cyclops (D:11)
  A centaur zombie (D:12)
  A black mamba (Lair:1)
  2 gargoyles (D:10)
  A rime drake (Lair:1)
  5 komodo dragons
  3 cane toads
  An efreet (D:11)
  A kobold demonologist (D:12)
  4 polar bears
  A jumping spider (Lair:1)
  4 blink frogs (Lair:2)
  3 trolls
  A redback (Lair:1)
  18 yaks
  A tarantella (Lair:1)
  2 wyverns
  2 wraiths (D:11)
  A basilisk (Lair:2)
  A warg (Orc:1)
  4 water moccasins
  An ice beast (D:10)
  2 black bears
  An eye of draining (D:11)
  A phantom (D:8)
  4 orc warriors
  7 centaurs
  6 wolves
  2 big kobolds
  10 bullfrogs
  2 scorpions
  4 killer bees (D:8)
  11 wights
  2 lava snakes (Lair:1)
  A bullfrog zombie (D:12)
  A quasit (D:12)
  2 orc priests
  7 orc wizards
  A centaur skeleton (D:8)
  4 iguanas
  A worker ant (D:7)
  A worker ant zombie (D:9)
  5 gnolls
  A howler monkey skeleton (D:11)
  2 white imps
  An adder skeleton (D:8)
  4 orcs
  A giant cockroach (D:8)
  4 kobolds (D:11)
  2 quokkas
  4 bushes (Lair:2)
  A plant (Lair:2)
167 creatures vanquished.

Vanquished Creatures (others)
  An orc knight (Lair:1)
  An orc warrior (D:8)
  4 orc wizards
  An orc priest (D:13)
  3 gnolls (D:3)
  23 orcs
  24 fungi
  52 plants
109 creatures vanquished.

Grand Total: 437 creatures vanquished

Notes
Turn   | Place    | Note
-------+----------+-------------------------------------------
     0 | D:1      | wakim the Hill Orc Monk began the quest for the Orb.
     0 | D:1      | Reached XP level 1. HP: 19/19 MP: 1/1
   265 | D:1      | Reached XP level 2. HP: 26/27 MP: 2/2
   569 | D:1      | Found a broken altar of Ashenzari.
   609 | D:1      | Reached skill level 1 in Armour
   766 | D:1      | Reached XP level 3. HP: 33/33 MP: 3/3
   939 | D:2      | Noticed Jessica
  1216 | D:2      | Reached skill level 5 in Axes
  1223 | D:2      | Found a white marble altar of Elyvilon.
  1618 | D:2      | Reached skill level 1 in Shields
  1711 | D:2      | Reached XP level 4. HP: 40/40 MP: 4/4
  2293 | D:2      | Killed Jessica
  2440 | D:3      | Noticed Terence
  2452 | D:2      | Killed Terence
  2453 | D:2      | Reached XP level 5. HP: 37/47 MP: 5/5
  2524 | D:3      | Reached skill level 6 in Axes
  3128 | D:3      | Found a radiant altar of Vehumet.
  3129 | D:3      | Found a glowing silver altar of Zin.
  3130 | D:3      | Became a worshipper of Beogh the Brigand
  3130 | D:3      | Reached * piety under Beogh
  3130 | D:3      | Reached ** piety under Beogh
  3209 | D:2      | Reached XP level 6. HP: 54/55 MP: 6/6
  3710 | D:4      | Found a shimmering altar of Xom.
  3791 | D:4      | Reached skill level 5 in Fighting
  4187 | D:4      | Reached skill level 7 in Axes
  4618 | D:5      | Entered Level 5 of the Dungeon
  4650 | D:5      | Noticed a phantom
  4731 | D:5      | Reached XP level 7. HP: 57/61 MP: 7/7
  4791 | D:5      | Found a shimmering blue altar of Sif Muna.
  5228 | D:5      | Found a sparkling altar of Nemelex Xobeh.
  5280 | D:5      | Found an ornate altar of the Wu Jian Council.
  5330 | D:5      | Reached skill level 8 in Axes
  5702 | D:5      | Reached XP level 8. HP: 66/70 MP: 8/8
  5890 | D:5      | Found a snail-covered altar of Cheibriados.
  6031 | D:6      | Found a shadowy altar of Dithmenos.
  6287 | D:6      | Reached skill level 9 in Axes
  6381 | D:6      | Reached *** piety under Beogh
  6559 | D:7      | Found a staircase to the Ecumenical Temple.
  6572 | Temple   | Entered the Ecumenical Temple
  7087 | D:7      | Reached skill level 5 in Armour
  7486 | D:7      | Reached skill level 10 in Axes
  7486 | D:7      | Reached skill level 5 in Shields
  7701 | D:8      | Reached XP level 9. HP: 77/79 MP: 9/9
  7730 | D:8      | Got a fading trident
  7763 | D:8      | Identified the +5 trident of the Devouring Enemy {venom,
                  | Fragile +Blink +Fly Dex+5} (You found it on level 8 of the
                  | Dungeon)
  7830 | D:8      | Reached **** piety under Beogh
  8490 | D:8      | Reached skill level 1 in Invocations
  8878 | D:8      | Noticed a hornet
  8883 | D:8      | Paralysed by a hornet for 1 turns
  8886 | D:8      | Killed a hornet
  9628 | D:9      | Reached skill level 11 in Axes
  9830 | D:9      | Found a runed translucent door.
  9830 | D:9      | Found a runed translucent gate.
  9830 | D:9      | Found a runed translucent gate.
  9860 | D:9      | Found the +9 staff of Olgreb {rPois∞}
  9861 | D:9      | Found a runed translucent door.
  9882 | D:9      | Found a runed translucent gate.
  9953 | D:9      | Found a shimmering altar of Xom.
 10269 | D:9      | Got a brightly glowing whip
 10274 | D:9      | Identified the +3 whip of the Manifold Wonders {vamp, rF+
                  | MP+9 Dex+5} (You found it on level 9 of the Dungeon)
 10473 | D:10     | Entered Level 10 of the Dungeon
 10473 | D:10     | Noticed a troll
 10480 | D:10     | Killed a troll
 10638 | D:10     | Noticed a gargoyle
 10650 | D:10     | Killed a gargoyle
 10739 | D:10     | Reached XP level 10. HP: 38/88 MP: 12/12
 11117 | D:10     | Noticed a deep elf mage
 11129 | D:10     | Killed a deep elf mage
 11130 | D:10     | Reached skill level 12 in Axes
 11286 | D:10     | Found a staircase to the Lair.
 11674 | D:10     | Noticed a gargoyle
 11681 | D:10     | Killed a gargoyle
 11684 | D:10     | Found a staircase to the Orcish Mines.
 11960 | D:11     | Reached ***** piety under Beogh
 12165 | D:11     | Noticed a red ugly thing
 12174 | D:11     | Killed a red ugly thing
 12619 | D:11     | Reached skill level 5 in Invocations
 13046 | D:11     | Noticed a cyclops
 13057 | D:11     | Killed a cyclops
 13180 | D:11     | Noticed a cyan ugly thing
 13187 | D:11     | Killed a cyan ugly thing
 13188 | D:11     | Reached skill level 13 in Axes
 13335 | D:11     | Noticed Josephine
 13341 | D:11     | Killed Josephine
 13342 | D:11     | Reached XP level 11. HP: 84/97 MP: 15/15
 13609 | D:11     | Noticed a cyclops
 13610 | D:11     | Noticed Erica
 13620 | D:11     | Killed a cyclops
 13624 | D:11     | Killed Erica
 14127 | Orc:1    | Entered Level 1 of the Orcish Mines
 14141 | Orc:2    | Entered Level 2 of the Orcish Mines
 14820 | D:12     | Noticed Snorg
 14832 | D:12     | Killed Snorg
 15018 | D:12     | Noticed a cyan ugly thing
 15025 | D:12     | Killed a cyan ugly thing
 15334 | D:12     | Noticed a deep elf mage
 15343 | D:12     | Killed a deep elf mage
 15715 | Lair:1   | Entered Level 1 of the Lair of Beasts
 15736 | Lair:1   | Noticed a six-headed hydra
 15739 | Lair:1   | Gained Arbolt as an ally
 15742 | Lair:1   | Killed a six-headed hydra
 15743 | Lair:1   | Reached skill level 14 in Axes
 15884 | Lair:1   | Noticed a four-headed hydra
 16004 | Lair:1   | Killed a four-headed hydra
 16249 | Lair:1   | Reached skill level 10 in Fighting
 16251 | Lair:1   | Found a runed translucent door.
 16924 | Lair:1   | Identified a scroll of acquirement
 16933 | Lair:1   | Acquired the amulet "Reyniwk" {rF+ Regen+ Slay+2}
 17011 | Lair:1   | Got a dazzling whip
 17015 | Lair:1   | Noticed a boulder beetle
 17020 | Lair:1   | Identified the +8 whip of the Endless Expanse {vorpal,
                  | rPois rF+ rC+} (You found it on level 1 of the Lair of
                  | Beasts)
 17043 | Lair:1   | Killed a boulder beetle
 17576 | Lair:2   | Noticed a four-headed hydra
 17582 | Lair:2   | Gained Ortolf as an ally
 17585 | Lair:2   | Killed a four-headed hydra
 17601 | Lair:2   | Reached XP level 12. HP: 78/106 MP: 17/17
 17699 | Lair:2   | Noticed an eight-headed hydra
 17707 | Lair:2   | Killed an eight-headed hydra
 18342 | Lair:2   | Reached skill level 15 in Axes
 18970 | Lair:3   | Noticed a boulder beetle
 18989 | Lair:3   | Killed a boulder beetle
 19033 | Lair:3   | Found a staircase to the Swamp.
 19037 | Lair:3   | Killed from afar by an electric eel

Illustrated notes

Levels and vault maps discovered:
D:1:      lordsloth_arrival_two_stooges, layout_basic, evilmike_ruin_ashenzari
D:2:      layout_loops_ring, old_standard_altar, grunt_decor_mini_mirrors,
          uniq_jessica
D:3:      layout_rooms, gammafunk_temple_overflow_pools, minivault_23,
          uniq_terence
D:4:      layout_layer_cave, xom_teletrap_fun
D:5:      layout_loops_ring, slow_altar_2, amethyst_overflow_temple_binary,
          lemuel_coloured_pillars_altar
D:6:      layout_cave_pools, grunt_dithmenos_smoke_and_mirrors
D:7:      layout_basic, minmay_temple_entry_statues_pillars
D:8:      layout_layer_cave
D:9:      layout_loops_cross, kennysheep_mini,
          minmay_guarded_unrand_staff_of_olgreb
D:10:     layout_irregular_city, lair_entry_dummy, orc_0_dummy
D:11:     layout_irregular_city, uniq_erica, uniq_josephine
D:12:     layout_irregular_city, uniq_snorg
D:13:     layout_roguey, hangedman_vaults_entry_quadrant_bands, serial_shops,
          nicolae_shop_crystal, lemuel_blue_sif_altar
Temple:   eino_temple_lava
Lair:1:   gammafunk_indiana_jones, layout_chaotic_city,
          cheibrodos_lair_lostbears, serial_bayou_shore_b,
          infiniplex_staircase_pool_2, serial_bayou_shore_b
Lair:2:   layout_long_grid, minmay_hedge_maze, beast_lair_carwin_4,
          serial_bayou_shore_a
Lair:3:   layout_gridlike, minmay_swamp_entry_eels,
          gammafunk_ghost_berserking_beasts
Orc:1:    cheibrodos_orc_bank, layout_caves, basic_altar
Orc:2:    grunt_orc_community_town_hall, layout_caves,
          grunt_orc_community_big_house_1, grunt_orc_community_big_house_1,
          grunt_orc_community_house_2, grunt_orc_community_house_1,
          grunt_orc_community_house_2, grunt_orc_community_house_1,
          special_room, bloody_makhleb

Skill      XL: |  1  2  3  4  5  6  7  8  9 10 11 12 |
---------------+-------------------------------------+-----
Armour         | 1 2 3 4 5 6 7 8 9 |  9.1
Fighting       | 4 5 7 8 9 10 | 10.6
Axes           | 5 6 7 8 10 11 13 14 15 | 15.2
Shields        | 1 2 3 5 6 7 8 9 |  9.1
Invocations    | 3 6 7 8 |  8.6
Dodging        | |  2.4
Stealth        | |  1.5

Action                   |  1- 3 |  4- 6 |  7- 9 | 10-12 || total
-------------------------+-------+-------+-------+-------++-------
Melee: Hand axe          |   123 |   191 |    52 |    28 ||   394
       War axe           |       |       |   212 |    84 ||   296
Invok: Convert to Beogh  |       |     1 |       |       ||     1
       Recall Orcish Fol |       |       |     5 |    30 ||    35
       Stop Recall       |       |       |     2 |    19 ||    21
       Smiting           |       |       |     2 |     2 ||     4
  Use: Scroll            |       |    12 |     6 |    11 ||    29
       Potion            |       |     6 |     1 |       ||     7
 Stab: Sleeping          |       |     1 |       |       ||     1
       Distracted        |       |       |       |     1 ||     1
Armor: Robe              |     1 |       |       |       ||     1
       Leather armour    |    29 |     5 |       |       ||    34
       Ring mail         |       |     2 |       |       ||     2
       Chain mail        |       |    79 |   106 |    76 ||   261
       Plate armour      |       |       |       |    72 ||    72
Dodge: Dodged            |    43 |    23 |    26 |    50 ||   142
Block: Kite shield       |    41 |    28 |       |       ||    69
       Tower shield      |       |    79 |   227 |   305 ||   611
